 Dungeon Crawl Stone Soup version 0.30-a0-639-g3916f1956a (webtiles) character file.

Game seed: 14179358478382223425

91 berto the Shield-Bearer (level 4, -2/41 HPs)
             Began as a Minotaur Fighter on Jan 16, 2023.
             Was a Follower of Dithmenos.
             Killed by divine providence
             ... invoked by an orc priest
              (16 damage)
             ... on level 3 of the Dungeon.
             The game lasted 00:05:16 (2787 turns).

berto the Shield-Bearer (Minotaur Fighter)          Turns: 2787, Time: 00:05:16

Health: -2/41      AC:  7    Str: 22    XL:     4   Next: 33%
Magic:  3/3        EV:  9    Int:  5    God:    Dithmenos [*.....]
Gold:   95         SH:  4    Dex: 10    Spells: 3/3 levels left

rFire   . . .      SeeInvis .    h - +0 whip
rCold   . . .      Faith    .    c - +0 buckler
rNeg    . . .      Spirit   .    b - +0 scale mail
rPois   .          Reflect  .    (helmet restricted)
rElec   .          Harm     .    (no cloak)
rCorr   .          Rampage  .    (no gloves)
Will    .....                    (no boots) Stlth
                                 (no amulet)
HPRegen 0.26/turn                (no ring)
MPRegen 0.08/turn                (no ring)

@: wreathed by umbra
A: horns 2, retaliatory headbutt
a: Renounce Religion


You were on level 3 of the Dungeon.
You worshipped Dithmenos.
Dithmenos was aware of your devotion.
You visited 1 branch of the dungeon, and saw 3 of its levels.

You collected 95 gold pieces.

Inventory:

Hand Weapons
 a - a +0 flail
 h - a +0 whip (weapon)
Missiles
 p - 10 stones (quivered)
Armour
 b - a +0 scale mail (worn)
 c - a +0 buckler (worn)
Wands
 r - a wand of digging (9)
 s - a wand of polymorph (4)
Scrolls
 e - a scroll of fog {unknown}
 f - 2 scrolls of teleportation {unknown}
 g - 3 scrolls of enchant weapon {unknown}
 l - a scroll of noise {unknown}
 m - 2 scrolls of identify {unknown}
 n - a scroll of poison {unknown}
 o - a scroll of immolation {unknown}
 q - 2 scrolls of magic mapping {unknown}
Potions
 d - a potion of might
 i - 3 potions of curing {unknown}
 j - a potion of magic {unknown}
 k - a potion of mutation {unknown}


   Skills:
 + Level 4.4 Fighting
 + Level 3.4 Maces & Flails
 + Level 4.4 Armour
 + Level 4.4 Shields


You had 3 spell levels left.
You didn't know any spells.
Your spell library contained the following spells:

 Spells                   Type           Power      Damage    Failure   Level
 Beastly Appendage        Tmut           0%         N/A       87%         1
 Wereblood                Tmut           0%         N/A       95%         2
 Spider Form              Tmut/Pois      0%         N/A       99%         3


Dungeon Overview and Level Annotations

Branches:
Dungeon (3/15)

Altars:
Cheibriados
Dithmenos

Shops:
D:1 *


Innate Abilities, Weirdness & Mutations

You have a pair of horns on your head.
You reflexively headbutt those who attack you in melee.


Message History

A kobold comes into view. It is wielding a +0 whip.
You start waiting.
A kobold is nearby!
You barely miss the kobold. You headbutt the kobold.
You kill the kobold!
Dithmenos accepts your kill.
No target in view!
You see here a +0 whip.
An orc comes into view. It is wielding a +0 club.
Found 15 gold pieces.
The orc shouts!
An orc priest comes into view. It is wielding a +0 short sword.
The orc priest shouts!
You see here a bubbling sapphire potion.
There are monsters nearby!
You barely miss the orc. The orc closely misses you.
You barely miss the orc.
The orc priest calls down the wrath of Beogh upon you.
Beogh smites you! The orc closely misses you.
The orc hits you but does no damage. The orc priest closely misses you.
You hit the orc priest.
The orc priest is lightly wounded.
The orc priest hits you but does no damage.
The orc hits you with a +0 club.
You closely miss the orc priest. You headbutt the orc priest.
The orc priest is moderately wounded.
The orc priest invokes the aid of Beogh against you.
Pain shoots through your body! You block the orc's attack.
You barely miss the orc priest.
The orc priest is moderately wounded.
The orc priest begins to cast a cantrip, but forgets the words!
The orc hits you but does no damage.
You barely miss the orc priest.
The orc priest is moderately wounded.
You closely miss the orc priest.
The orc priest is moderately wounded.
The orc priest mumbles some strange prayers to Beogh against you.
Beogh smites you!
You die...

#... ####........ #...
#....#....## .....
######...........
.....#####.......########.
..............## .
.........!#####
..........# .......o..#
.......@o.# ..........#
..........# .........$#
###########


You could see an orc priest and an orc.

Vanquished Creatures
  3 adders
  A worm (D:3)
  2 dart slugs (D:3)
  An orc (D:3)
  6 endoplasms
  A giant cockroach (D:1)
  3 goblins
  4 hobgoblins
  2 jackals (D:1)
  7 kobolds
  3 quokkas
  5 ball pythons
  6 bats
  3 frilled lizards
  5 rats
52 creatures vanquished.

Notes
Turn   | Place    | Note
-------+----------+-------------------------------------------
     0 | D:1      | berto the Minotaur Fighter began the quest for the Orb.
     0 | D:1      | Reached XP level 1. HP: 19/19 MP: 0/0
   253 | D:1      | Found Zefalit's General Store.
   265 | D:1      | Reached XP level 2. HP: 25/27 MP: 1/1
   835 | D:1      | Reached XP level 3. HP: 33/33 MP: 2/2
  1533 | D:2      | Found a faded altar of an unknown god.
  1872 | D:2      | Identified the +4 ring mail of Achext {Int+3}
  2038 | D:2      | Prayed at the altar of an unknown god.
  2038 | D:2      | Became a worshipper of Dithmenos the Shadowed
  2038 | D:2      | Reached * piety under Dithmenos
  2078 | D:3      | Reached XP level 4. HP: 41/41 MP: 3/3
  2165 | D:3      | Found a snail-covered altar of Cheibriados.
  2787 | D:3      | Killed from afar by an orc priest

Illustrated notes

Levels and vault maps discovered:
D:1:      saegor_arrival_simple_e, layout_basic, serial_shops,
          nicolae_shop_temple_entry_statues_fountains
D:2:      layout_basic, dilly_ecumenical_altar_fadedgnrine,
          serial_bayou_lagoon_b
D:3:      layout_rooms, lemuel_tele_altar, zin_statuary, grunt_ministairs_15

Skill      XL: |  1  2 |
---------------+-------+-----
Fighting       | 4 |  4.4
Shields        | 4 |  4.4
Armour         | 4 |  4.4
Maces & Flails | 3 |  3.4

Action                   |  1- 3 |  4- 6 || total
-------------------------+-------+-------++-------
Melee: Flail             |    33 |       ||    33
       Headbutt          |    16 |     9 ||    25
       Whip              |    82 |    44 ||   126
Armor: Scale mail        |    47 |    14 ||    61
Dodge: Dodged            |    29 |    14 ||    43
Block: Buckler           |    19 |     5 ||    24

Table legend: (Time is in decaauts)
 A = Elapsed time spent in this place.
 B = Non-inter-level travel time spent in this place.
 C = Inter-level travel time spent in this place.
 D = Time resting spent in this place.
 E = Time spent auto-exploring this place.
 F = Levels seen in this place.
 G = Mean time per level.
                   A        B        C        D        E       F      G
               +--------+--------+--------+--------+--------+-----+--------+
         Total |   2810 |   2609 |    201 |    647 |   1393 |   3 |  936.7 |
       Dungeon |   2810 |   2609 |    201 |    647 |   1393 |   3 |  936.7 |
               +--------+--------+--------+--------+--------+-----+--------+

Top non-repeatable levels by time:
     D:1: 1125 daAuts
     D:2: 1015 daAuts
     D:3: 669 daAuts
